Map: Ascension to Aiur LE

Players

PiLiPiLi

  • Race: Protoss Protoss
  • Spawn Location: 5:00

PtitDrogo - Winner!

  • Race: Protoss Protoss
  • Spawn Location: 11:00

Event: WCS Montreal 2017

VOD

Have the link to the VOD?

Description

Time

  • Played on: Sept. 8, 2017, 2:30 p.m.
  • Length: 7:46

All games in this series

Show
View Real Time Build Order
Export as new Build Order

PiLiPiLi Protoss 

Build Orders:  

Get SALT Encoding   

  12  0:01  Probe (Chrono Boost)  
  13  0:11  Probe (Chrono Boost)  
  14  0:18  Pylon  
  14  0:22  Probe (Chrono Boost)  
  15  0:36  Probe (Chrono Boost)  
  15  0:37  Forge  
  16  0:47  Probe (Chrono Boost)  
  17  0:57  Probe (Chrono Boost)  
  17  1:02  Pylon  
  17  1:04  Pylon  
  18  1:19  Probe (Chrono Boost)  
  18  1:30  Probe (Chrono Boost)  
  18  1:31  Gateway  
  19  1:36  Assimilator  
  19  1:38  Assimilator  
  19  1:40  Probe (Chrono Boost), Assimilator  
  20  1:51  Probe (Chrono Boost)  
  20  1:53  Pylon  
  22  2:01  Probe (Chrono Boost)  
  22  2:12  Probe (Chrono Boost)  
  22  2:18  Cybernetics Core  
  22  2:19  Zealot (Chrono Boost)  
  24  2:23  Probe  
  25  2:35  Probe (Chrono Boost)  
  26  2:55  Stalker, Mothership Core (Chrono Boost)  
  26  2:56  Warp Gate (Chrono Boost)  
  29  3:06  Robotics Facility  
  29  3:15  Pylon  
  27  3:37  Gateway  
  27  3:39  Stalker, Gateway  
  29  3:42  Gateway  
  29  3:46  Pylon  
  29  3:57  Warp Prism  
  31  4:08  Pylon  
  31  4:42  Stalker  
  31  4:43  Stalker x3  
  39  5:07  Stalker x4  
  47  5:34  Adept x4  
  47  5:54  Adept  
  47  5:55  Adept x2  
  47  5:56  Adept  
  53  6:18  Sentry  
  53  6:22  Pylon  
  47  6:33  Sentry x3  
  45  6:57  Sentry x2  
  45  7:01  Adept  
  49  7:15  Adept  
  45  7:20  Adept x2  
  39  7:39  Zealot x2  
Show
View Real Time Build Order
Export as new Build Order

PtitDrogo Protoss - Winner!

Build Orders:  

Get SALT Encoding   

  12  0:01  Probe (Chrono Boost)  
  13  0:11  Probe (Chrono Boost)  
  14  0:17  Pylon  
  14  0:22  Probe (Chrono Boost)  
  15  0:35  Probe (Chrono Boost)  
  16  0:36  Gateway  
  16  0:41  Assimilator  
  16  0:46  Probe (Chrono Boost)  
  17  0:51  Assimilator  
  18  0:57  Probe (Chrono Boost)  
  18  1:08  Probe (Chrono Boost)  
  19  1:19  Probe (Chrono Boost)  
  19  1:25  Zealot (Chrono Boost)  
  22  1:29  Cybernetics Core  
  22  1:32  Probe  
  23  1:49  Pylon  
  23  2:07  Mothership Core (Chrono Boost)  
  27  2:08  Adept  
  27  2:21  Pylon  
  27  2:25  Probe (Chrono Boost)  
  28  2:34  Warp Gate (Chrono Boost)  
  28  2:36  Probe (Chrono Boost)  
  29  2:43  Stalker  
  31  2:47  Probe (Chrono Boost)  
  32  2:57  Probe (Chrono Boost)  
  33  3:04  Nexus  
  33  3:09  Pylon  
  33  3:12  Assimilator  
  33  3:26  Probe  
  32  3:31  Robotics Facility  
  32  3:38  Probe  
  31  3:43  Gateway  
  31  3:48  Gateway  
  31  3:51  Probe  
  31  3:54  Sentry  
  34  4:03  Probe  
  35  4:16  Probe x2  
  37  4:30  Probe  
  39  4:31  Observer (Chrono Boost)  
  39  4:36  Sentry, Pylon  
  41  4:39  Probe  
  41  4:42  Probe  
  43  4:47  Adept x2  
  43  4:50  Immortal (Chrono Boost)  
  43  4:51  Probe  
  52  5:00  Stalker  
  54  5:10  Pylon  
  54  5:11  Pylon  
  54  5:12  Stalker  
  56  5:14  Adept  
  58  5:34  Stalker  
  58  5:35  Adept x2  
  64  5:36  Probe  
  64  5:38  Probe  
  64  5:39  Assimilator  
  64  5:41  Pylon  
  60  5:53  Immortal (Chrono Boost)  
  60  5:55  Gateway  
  60  5:56  Adept  
  64  5:58  Adept  
  64  6:02  Adept  
  54  6:20  Adept x2  
  57  6:28  Probe x2  
  59  6:38  Probe  
  59  6:39  Adept  
  59  6:40  Probe, Adept x2  
  47  7:12  Adept  
  45  7:23  Adept  
  42  7:30  Stalker  
  42  7:37  Stalker  
Tags
 
Add a new tag
Caveats
  • Supply blocks, unpowered buildings, or Contaminate may cause inaccurate times.
  • Supply counts are checked every 10 seconds.